 Dungeon Crawl Stone Soup version 0.28-a0-1159-g27aa881441 (webtiles) character file.

Game seed: 8305916169333073581

27 spaghetti the Sneak (level 3, 13/23 HPs)
             Began as a Tengu Delver on Dec 15, 2021.
             Quit the game on level 5 of the Dungeon.
             The game lasted 00:01:47 (703 turns).

spaghetti the Sneak (Tengu Delver)                   Turns: 703, Time: 00:01:48

Health: 13/23      AC:  3    Str: 14    XL:     3   Next: 10%
Magic:  4/4        EV: 12    Int: 10    God:
Gold:   20         SH:  0    Dex: 15    Spells: 2/2 levels left

rFire   . . .      SeeInvis .   a - +0 falchion {long}
rCold   . . .      Faith    .   (no shield)
rNeg    . . .      Spirit   .   b - +0 leather armour
rPois   .          Reflect  .   (helmet restricted)
rElec   .          Harm     .   (no cloak)
rCorr   .          Rampage  .   (no gloves)
Will    .....                   (boots unavailable)
Stlth   +++.......              (no amulet)
HPRegen 0.07/turn               (no ring)
MPRegen 0.09/turn               (no ring)

@: lethally poisoned (13 -> -2), hasted, very quick
A: beak, talons 3
a: no special abilities


You were on level 5 of the Dungeon.
You visited 1 branch of the dungeon, and saw 2 of its levels.

You collected 20 gold pieces.


Innate Abilities, Weirdness & Mutations

You have a beak for a mouth.
You have claws for feet.


   Skills:
 + Level 3.3 Fighting
 - Level 2.6 Long Blades
 - Level 2.6 Dodging
 - Level 5.2 Stealth


You had 2 spell levels left.
You didn't know any spells.
Your spell library was empty.

Inventory:

Hand Weapons
 a - a +0 falchion (weapon) {long}
Missiles
 h - 11 arrows
Armour
 b - a +0 leather armour (worn)
Wands
 g - a wand of digging (3)
Scrolls
 c - a scroll of fog
 d - a scroll of magic mapping {!r}

Dungeon Overview and Level Annotations

Branches:
Dungeon (5/15)
 Temple: D:4-7

Altars:

Shops:
D:5

* ##########
#..#....## #..#......
######....##..
#.............
#######.##....###..#
#.S@....##...##...##
#####.###########.###
#S..#.# ####.####
+S∩S+.# ##........
#S..### #.....####
### #######


You could see a water moccasin.


Message History

Unknown command.
Okay, then.
The scorpion zombie hits you. 😕 HP[-2]
You take 2 damage, and now have 12/14 hp.
You hit the scorpion zombie.
The scorpion zombie hits you but does no damage.
You barely miss the scorpion zombie. Your kick misses the scorpion zombie.
The scorpion zombie misses you.
You barely miss the scorpion zombie. Your kick misses the scorpion zombie.
The scorpion zombie hits you. 😕 HP[-1]
You take 1 damage, and now have 11/14 hp.
You hit the scorpion zombie but do no damage.
You claw the scorpion zombie, but do no damage.
Your peck misses the scorpion zombie. The scorpion zombie barely misses you.
The scorpion zombie closely misses you.
You hit the scorpion zombie.
The scorpion zombie hits you but does no damage.
You slash the scorpion zombie!
You claw the scorpion zombie, but do no damage.
The scorpion zombie completely misses you.
You barely miss the scorpion zombie. You claw the scorpion zombie.
The scorpion zombie closely misses you.
You slash the scorpion zombie!
You claw the scorpion zombie, but do no damage.
You peck the scorpion zombie, but do no damage.
The scorpion zombie misses you.
You hit the scorpion zombie. The scorpion zombie hits you.
* * * LOW HITPOINT WARNING * * *
The scorpion zombie closely misses you.
You are too injured to fight recklessly! 😨 HP[-6]
You take 6 damage, and now have 5/14 hp.
MASSIVE DAMAGE!! (PAUSE) Unknown command.
Unknown command.
You hit the scorpion zombie but do no damage.
You claw the scorpion zombie. The scorpion zombie misses you.
You hit the scorpion zombie.
You destroy the scorpion zombie!
You have reached level 2!
You have reached level 3!
Your experience leads to an increase in your attributes!
Increase (S)trength, (I)ntelligence, or (D)exterity?
You feel stronger. x2 😨 HP[+4] MP[+2]
You now have 23 max hp (+9).
You regained 4 hp, and now have 9/23 hp.
Your mp is fully restored (4).
Unknown command.
Unknown command.
Unknown command.
Things that are here:
a +0 leather armour; a +0 flail {mace}; 😎 HP[+14]
Your hp is fully restored (23).
Unknown command.
You now have 20 gold pieces (gained 12).
You open the door.
A ball python and 4 water moccasins come into view.
The water moccasin hisses angrily. x2; The ball python hisses angrily.
The water moccasin hisses angrily.
Found Onidgh's Serpentskin Sales.
As you read the scroll of fear, it crumbles to dust.
You assume a fearsome visage.
The ball python looks frightened!
The water moccasin looks frightened! x4
You close the door.
Cornered, the water moccasin turns to fight!
You feel yourself speed up. The water moccasin bites you.
The water moccasin bites you! 😮 HP[-8]
You take 8 damage, and now have 15/23 hp.
MASSIVE DAMAGE!! (PAUSE)
You are too injured to fight recklessly!
You are too injured to fight recklessly!
You are too injured to fight recklessly!
You are too injured to fight recklessly!
You are too injured to fight recklessly!
You are too injured to fight recklessly!
You are too injured to fight recklessly!
You are too injured to fight recklessly!
You are too injured to fight recklessly!
You are too injured to fight recklessly!
You are too injured to fight recklessly!
You are too injured to fight recklessly!
You are too injured to fight recklessly!
You are too injured to fight recklessly!
You are too injured to fight recklessly!
Unknown command.
Okay, then.
Okay, then.
You aren't carrying any potions.
You hit the water moccasin. You claw the water moccasin.
The water moccasin bites you.
You are lethally poisoned!
The water moccasin poisons you! 😮 HP[-2]
You take 2 damage, and now have 13/23 hp.
Unknown command.
Are you sure you want to abandon this character and quit the game? (Confirm with "yes".)

Action                   || total
-------------------------++-------
Melee: Falchion          ||    15
       Kick              ||     7
       Peck              ||     2
  Use: Scroll            ||     3
       Potion            ||     1
Armor: Leather armour    ||     3
Dodge: Dodged            ||     8

Levels and vault maps discovered:
D:4:      layout_loops_corners, kennysheep_little_box, hangedman_feature_mirror
D:5:      layout_rooms, serial_shops, shop, columned_hall_lemuel,
          nrook_mini_backslash, guppyfry_shop_venom, uniq_duvessa

Notes
Turn   | Place    | Note
-------+----------+-------------------------------------------
     0 | D:5      | spaghetti the Tengu Delver began the quest for the Orb.
     0 | D:5      | Reached XP level 1. HP: 14/14 MP: 2/2
     0 | D:5      | magus.rc [v1.9.6]
    33 | D:5      | magus.rc [v1.9.6]
   380 | D:4      | Noticed an iguana
   443 | D:5      | Reached XP level 2. HP: 7/19 MP: 3/3
   443 | D:5      | Reached XP level 3. HP: 9/23 MP: 4/4
   695 | D:5      | Found Onidgh's Serpentskin Sales.
   695 | D:5      | Noticed a water moccasin
   695 | D:5      | Noticed a water moccasin
   695 | D:5      | Noticed a water moccasin
   695 | D:5      | Noticed a water moccasin
   703 | D:5      | Quit the game

Vanquished Creatures
  A scorpion zombie (D:5)
  An orc (D:5)
2 creatures vanquished.

Table legend:
 A = Non-vault XP
 B = Vault XP
 C = Vault XP percentage of total XP
 D = Non-vault monster count
 E = Vault monster count
 F = Vault count percentage of total count
                 A         B        C        D         E       F
            +---------+---------+-------+---------+---------+-------
      Total |      39 |       0 |   0.0 |       2 |       0 |   0.0
            +---------+---------+-------+---------+---------+-------
        D:5 |      39 |       0 |   0.0 |       2 |       0 |   0.0
            +---------+---------+-------+---------+---------+-------

Illustrated notes

Table legend:
 A = Kills in this place as a percentage of kills in entire the game.
 B = Kills by you in this place as a percentage of kills by you in the entire game.
 C = Kills by friends in this place as a percentage of kills by friends in the entire game.
 D = Other kills in this place as a percentage of other kills in the entire game.
 E = Experience gained in this place as a percentage of experience gained in the entire game.
 F = Experience gained in this place divided by the number of levels of this place that you have seen.
                   A       B       C       D       E      F
               +-------+-------+-------+-------+-------+----------------------
         Total | 100.0 | 100.0 |   N/A |   N/A | 100.0 |  19.5
       Dungeon | 100.0 | 100.0 |   N/A |   N/A | 100.0 |  19.5
               +-------+-------+-------+-------+-------+----------------------

Table legend: (Time is in decaauts)
 A = Elapsed time spent in this place.
 B = Non-inter-level travel time spent in this place.
 C = Inter-level travel time spent in this place.
 D = Time resting spent in this place.
 E = Time spent auto-exploring this place.
 F = Levels seen in this place.
 G = Mean time per level.
                   A        B        C        D        E       F      G
               +--------+--------+--------+--------+--------+-----+--------+
         Total |    706 |    697 |      9 |    263 |    377 |   2 |  353.0 |
       Dungeon |    706 |    697 |      9 |    263 |    377 |   2 |  353.0 |
               +--------+--------+--------+--------+--------+-----+--------+

Top non-repeatable levels by time:
     D:5: 353 daAuts
     D:4: 353 daAuts
